cohdb
Replays
Latest Replays
All Replays
Popular Replays
Top Player Replays
Match Explorer
How It Works
Community
CoH3 Stats
Reddit
Sign in to upload your games and track your stats! →
Sign in with Steam
Match 43531792
Unlisted
Match 43531792
Overview
Messages
Build Orders
End
Selects Heavy Weapons
Construct Weapon Support Center
Engineer Squad
M1919 Machine Gun Team
Bazooka Squad
M1919 Machine Gun Team
Infantry Support Center
Selects Assault Carriers
M3 Assault Carrier
M3 Assault Carrier
Selects Exchangeable Parts
M3 Assault Carrier
Selects M2HB .50cal Heavy Machine Gun
Construct Tank Depot
M4(105) Sherman Bulldozer
M3 Assault Carrier
Selects Rapid Reposition
Engineer Squad
M4(105) Sherman Bulldozer
M3 Assault Carrier
lvl.1 crook
Kray-Tos
lil_v0dka
Gladiak
Gubernum
[FAT32] DUFF MAN(GER)
0
0
Comments
sign in to comment!
No comments posted yet!